 Dungeon Crawl Stone Soup version 0.29-a0-284-gf9362112df (webtiles) character file.

Game seed: 9116509098699822507

42708 Dabor the Geomancer (level 13, -9/104 HPs)
             Began as a Demigod Earth Elementalist on Mar 15, 2022.
             Mangled by a tengu warrior
             ... wielding a +0 great sword
              (14 damage)
             ... on level 14 of the Dungeon.
             The game lasted 01:07:30 (21213 turns).

Dabor the Geomancer (Demigod Earth Elementalist)   Turns: 21213, Time: 01:07:30

Health: -9/104     AC: 26    Str: 15    XL:     13   Next: 50%
Magic:  2/30       EV: 11    Int: 33    God:
Gold:   1272       SH: 10    Dex: 29    Spells: 15/30 levels left

rFire   + . .      SeeInvis .   X - +9 trident of Xaicly Poel {chaos, rPois rC+ Dex+4}
rCold   + . .      Faith    .   x - +3 buckler
rNeg    . . .      Spirit   .   W - +7 chain mail of Fortitude {rF+}
rPois   +          Reflect  .   m - +0 helmet
rElec   .          Harm     .   q - +4 cloak of the Four Tables {rCorr Str+3}
rCorr   +          Rampage  .   n - +1 pair of gloves
Will    +....                   g - +0 pair of boots
Stlth   +.........              e - amulet of Licvanoz {Regen+ Str-3 Dex+3}
HPRegen 1.07/turn               A - +6 ring of strength
MPRegen 0.22/turn               G - +6 ring of dexterity

@: about to teleport
A: high MP 1, forlorn, divine attributes, agile 1
a: no special abilities


You were on level 14 of the Dungeon.
You visited 2 branches of the dungeon, and saw 16 of its levels.
You also visited: Ossuary and Bailey.

You collected 1405 gold pieces.
You spent 133 gold pieces at shops.

Inventory:

Hand Weapons
 V - the +1 dagger "Rifruxib" {protect, MP+9 Dex-2 SInv}
   (You found it on level 10 of the Dungeon)

   It grants its wielder temporary protection when it strikes (+7 to AC).
   Dex:       It affects your dexterity (-2).
   MP:        It affects your magic capacity (+9).
   SInv:      It lets you see invisible.
 X - the +9 trident of Xaicly Poel (weapon) {chaos, rPois rC+ Dex+4}
   (You subdued it on level 2 of the Orcish Mines)

   Each time it hits an enemy it has a different, random effect.
   Dex:       It affects your dexterity (+4).
   rC:        It protects you from cold.
   rPois:     It protects you from poison.
Missiles
 a - 108 stones
 C - a throwing net
Armour
 g - a +0 pair of boots (worn)
 m - a +0 helmet (worn)
 n - a +1 pair of gloves (worn)
 q - the +4 cloak of the Four Tables (worn) {rCorr Str+3}
   (You acquired it in a bailey)

   Str:       It affects your strength (+3).
   rCorr:     It protects you from acid and corrosion.
 x - a +3 buckler (worn)
 R - the +2 robe "Caezyi" {rElec}
   (You found it on level 9 of the Dungeon)

   rElec:     It insulates you from electricity.
 W - the +7 chain mail of Fortitude (worn) {rF+}
   (You found it on level 2 of the Orcish Mines)

   rF:        It protects you from fire.
Jewellery
 e - the amulet of Licvanoz (around neck) {Regen+ Str-3 Dex+3}
   (You found it on level 12 of the Dungeon)

   [amulet of regeneration]

   Str:       It affects your strength (-3).
   Dex:       It affects your dexterity (+3).
   Regen:     It increases your rate of health regeneration.
 A - a +6 ring of strength (left hand)
 G - a +6 ring of dexterity (right hand)
 H - a ring of resist corrosion
 O - an amulet of magic regeneration
Wands
 h - a wand of acid (4)
 j - a wand of mindburst (3)
 v - a wand of digging (12)
 y - a wand of flame (23)
 B - a wand of polymorph (19)
 E - a wand of paralysis (6)
Scrolls
 f - a scroll of teleportation
 l - 3 scrolls of enchant weapon
 p - 3 scrolls of fog
 s - 4 scrolls of identify
 u - 2 scrolls of amnesia
 z - a scroll of silence
 I - 3 scrolls of fear
 J - a scroll of brand weapon
 K - 2 scrolls of magic mapping
 P - a scroll of immolation
 Q - a scroll of blinking
Potions
 i - a potion of lignification
 k - 2 potions of flight
 o - 2 potions of might
 w - 3 potions of curing
 D - 2 potions of berserk rage
 L - a potion of cancellation
 M - 3 potions of invisibility
 N - a potion of haste
 S - 3 potions of mutation
 U - 3 potions of brilliance
Miscellaneous
 b - a tin of tremorstones (2/2)
 t - a piece from Xom's chessboard (15/15)


   Skills:
 + Level 6.8 Fighting
 - Level 4.0 Armour
 + Level 7.3 Dodging
 + Level 7.3 Stealth
 - Level 5.0 Shields
 + Level 9.2 Spellcasting
 + Level 9.5 Conjurations
 - Level 1.0 Transmutations
 * Level 5.7 Fire Magic
 - Level 9.8 Earth Magic
 - Level 4.2 Evocations


You had 15 spell levels left.
You knew the following spells:

 Your Spells              Type           Power      Damage    Failure   Level
a - Sandblast             Erth           100%       2d20      1%          1
b - Stone Arrow           Conj/Erth      100%       3d13      4%          3
c - Foxfire               Conj/Fire      100%       2x1d9     3%          1
d - Petrify               Tmut/Erth      51%        N/A       63%         4
e - Flame Wave            Conj/Fire      60%        2d12      32%         4
f - Passwall              Tmut/Erth      42%        N/A       12%         2

Your spell library contained the following spells:

 Spells                   Type           Power      Damage    Failure   Level
 Conjure Flame            Conj/Fire      60%        6-21      10%         3
 Sticky Flame             Conj/Fire      60%        2d8       32%         4
 Mephitic Cloud           Conj/Pois/Air  36%        N/A       54%         3
 Inner Flame              Hex/Fire       34%        N/A       58%         3
 Ignite Poison            Fire/Tmut/Pois 30%        N/A       67%         3
 Portal Projectile        Hex/Tloc       30%        N/A       93%         3
 Freezing Cloud           Conj/Ice/Air   18%        6-21      99%         5
 Blade Hands              Tmut           11%        N/A       100%        5
 Excruciating Wounds      Necr           7%         N/A       100%        5
 Malign Gateway           Summ/Tloc      7%         N/A       100%        7
 Summon Horrible Things   Summ           7%         N/A       100%        8


Dungeon Overview and Level Annotations

Branches:
Dungeon (14/15)            Temple (0/1) D:5            Lair (0/6) D:11
    Orc (2/2) D:11            Elf (0/3) Orc:2       Ossuary (visited)
 Bailey (visited)
 Vaults: D:13-14

Shops:
D:3 (   D:4 :   D:5 =   D:8 ?   D:9 (:=(   Orc:2 ==!=


Innate Abilities, Weirdness & Mutations

You have an increased reservoir of magic. (+10% MP)
You shall have no god before yourself.
Your divine heritage dramatically boosts your attributes as you level up.
You are agile. (Dex +2)


Message History

Casting: Sandblast (safe; 1% risk of failure)
Confirm with . or Enter, or press ? or * to list all spells.
Aiming: Sandblast (safe; 1% risk of failure)
Press: ? - help, Shift-Dir - straight line, f/p - tengu warrior
Aim: a tengu warrior, wielding a +0 great sword and wearing a +0 leather armour (grey smoke, severely wounded, berserk, 69% to hit)
The blast of sand hits the tengu warrior!
The tengu warrior is almost dead.
a - 108 stones The tengu warrior hits you with a +0 great sword!!
* * * LOW HITPOINT WARNING * * *
The tengu warrior barely misses you. You block the tengu warrior's attack.
As you read the scroll of teleportation, it crumbles to dust.
You feel strangely unstable.
You carefully extract the barbed spikes from your body.
The tengu warrior hits you but does no damage.
You block the tengu warrior's attack. The tengu warrior barely misses you.
The red devil hits you but does no damage.
The tengu warrior hits you with a +0 great sword!
* * * LOW HITPOINT WARNING * * *
The tengu warrior pecks you.
* * * LOW HITPOINT WARNING * * *
The tengu warrior claws you but does no damage.
The tengu warrior attacks as you move away!
The tengu warrior hits you with a +0 great sword!
* * * LOW HITPOINT WARNING * * *
The tengu warrior pecks you but does no damage.
You block the tengu warrior's attack.
The tengu warrior attacks as you move away!
You block the tengu warrior's attack. The tengu warrior misses you.
The tengu warrior claws you but does no damage.
You block the tengu warrior's attack.
The tengu warrior pecks you but does no damage.
The tengu warrior claws you but does no damage.
You feel better. You block the tengu warrior's attack.
The tengu warrior pecks you but does no damage.
The tengu warrior claws you.
* * * LOW HITPOINT WARNING * * *
The red devil hits you but does no damage.
The tengu warrior hits you with a +0 great sword!
You die...

####.#####># #.#
#.# #.# #.#
####.#####.#
#..........#
#.§§...#####
#.§§...#
#§§....#
####@§§...#
#§4Q§§§...#
.....)§#########
.#.≈§.) #..§..
##Q... ###.. ...
#..


You could see a tengu warrior (berserk) and a red devil.

Vanquished Creatures
  Agnes (D:14)
  An orc warlord (Bailey)
  The ghost of mandick the Thaumaturge, a journeyman DjFE of Makhleb (Orc:2)
  The ghost of witty6 the Severer, a journeyman MiBe of Trog (D:13)
  A fire dragon (D:12)
  A boulder beetle (D:12)
  4 hydras
  A catoblepas (D:13)
  6 centaur warriors
  A two-headed ogre (D:9)
  A dancing weapon (Orc:2)
  A death knight (D:13)
  3 tengu warriors
  3 death yaks (D:11)
  An orc high priest (Orc:2)
  6 deep elf zephyrmancers (Orc:2)
  3 orc knights
  2 orc sorcerers
  3 deep elf pyromancers
  4 cyclopes
  Maurice (Orc:2)
  An ugly thing (D:11)
  2 gargoyles
  A tengu conjurer (D:14)
  2 kobold demonologists
  A red devil (D:14)
  3 trolls
  A hornet (shapeshifter) (D:13)
  2 hornets
  2 vampires
  3 wraiths (D:13)
  A shadow (D:10)
  28 yaks
  2 wyverns
  5 vampire mosquitoes (D:13)
  A warg (Orc:2)
  2 water moccasins
  2 acid dragons
  Duvessa (D:6)
  4 sky beasts
  A meliai simulacrum (D:14)
  36 orc warriors
  2 black bears (D:6)
  6 ogres
  12 centaurs
  2 phantoms (D:6)
  2 kobold brigands
  3 elf zombies (Ossuary)
  A gnoll sergeant (D:8)
  2 bullfrogs
  2 necrophages
  2 scorpions
  3 wights (D:9)
  Dowan (D:6)
  7 killer bees (D:10)
  A howler monkey (D:14)
  3 electric eels
  3 hounds
  A human zombie (Ossuary)
  2 jellies
  Crazy Yiuf (D:6)
  5 orc priests
  5 iguanas
  9 orc wizards
  A hell rat (D:11)
  2 mummies (Ossuary)
  9 adders
  7 gnolls
  A river rat (D:11)
  2 dart slugs (D:4)
  60 orcs
  6 bats
  5 endoplasms
  4 giant cockroaches
  12 goblins
  6 hobgoblins
  2 jackals (D:1)
  24 kobolds
  2 quokkas (D:11)
  5 ball pythons
  7 frilled lizards
  2 goblin zombies (Ossuary)
  8 hobgoblin zombies (Ossuary)
  2 jackal zombies (Ossuary)
  7 kobold zombies (Ossuary)
  12 orc zombies (Ossuary)
  9 rats
  2 rat zombies (Ossuary)
419 creatures vanquished.

Vanquished Creatures (others)
  12 foxfires (D:4)
12 creatures vanquished.

Grand Total: 431 creatures vanquished

Notes
Turn   | Place    | Note
-------+----------+-------------------------------------------
     0 | D:1      | Dabor the Demigod Earth Elementalist began the quest for
                  | the Orb.
     0 | D:1      | Reached XP level 1. HP: 14/14 MP: 5/5
    59 | D:1      | Reached skill level 1 in Transmutations
   706 | D:1      | Reached XP level 2. HP: 20/20 MP: 5/7
  1685 | D:2      | Reached XP level 3. HP: 25/27 MP: 1/8
  1689 | D:2      | Learned a level 3 spell: Stone Arrow
  2199 | D:2      | Reached skill level 1 in Conjurations
  2949 | D:3      | Found Wuashrafi's Antique Weapon Shop.
  3237 | D:4      | Reached XP level 4. HP: 20/34 MP: 0/10
  3254 | D:4      | Reached skill level 1 in Fighting
  3259 | D:4      | Noticed a necrophage
  3266 | D:4      | Killed a necrophage
  3274 | D:4      | Found a sand-covered staircase.
  3326 | Ossuary  | Entered an ossuary
  3344 | Ossuary  | Reached XP level 5. HP: 37/40 MP: 5/11
  3555 | Ossuary  | Reached skill level 1 in Shields
  3555 | Ossuary  | Reached XP level 6. HP: 47/47 MP: 2/13
  3810 | D:4      | Learned a level 1 spell: Foxfire
  4113 | D:4      | Found Ozait's Book Emporium.
  4533 | D:5      | Entered Level 5 of the Dungeon
  4536 | D:5      | Reached XP level 7. HP: 53/53 MP: 10/15
  4619 | D:5      | Found a staircase to the Ecumenical Temple.
  4648 | D:5      | Reached skill level 1 in Fire Magic
  5009 | D:5      | Found Wiphimesh's One-of-a-Kind Rings.
  5795 | D:6      | Found a runed translucent door.
  5796 | D:6      | Noticed Crazy Yiuf
  5957 | D:6      | Reached XP level 8. HP: 62/62 MP: 7/17
  6709 | D:6      | Noticed Duvessa
  6709 | D:6      | Noticed Dowan
  6711 | D:6      | Killed Dowan
  6716 | D:6      | Killed Duvessa
  6717 | D:6      | Reached skill level 5 in Earth Magic
  7389 | D:6      | Killed Crazy Yiuf
  7497 | D:7      | Noticed a hornet
  7671 | D:7      | Killed a hornet
  7672 | D:7      | Reached XP level 9. HP: 69/69 MP: 9/19
  8555 | D:8      | Reached skill level 5 in Spellcasting
  8868 | D:8      | Reached skill level 5 in Conjurations
  9483 | D:8      | Found Qucempie's Magic Scroll Shoppe.
  9491 | D:8      | Bought a scroll of fear for 49 gold pieces
  9491 | D:8      | Bought a scroll of identify for 28 gold pieces
  9491 | D:8      | Bought a scroll of identify for 28 gold pieces
  9491 | D:8      | Bought a scroll of identify for 28 gold pieces
  9496 | D:8      | Gained mutation: Your body sometimes deteriorates upon
                  | taking damage. [potion of mutation]
  9496 | D:8      | Gained mutation: Armour fits poorly on your strangely
                  | shaped body. [potion of mutation]
  9496 | D:8      | Gained mutation: Your flesh is cold resistant. (rC+)
                  | [potion of mutation]
  9497 | D:8      | Lost mutation: Your body sometimes deteriorates upon taking
                  | damage. [potion of mutation]
  9497 | D:8      | Lost mutation: Your flesh is cold resistant. (rC+) [potion
                  | of mutation]
  9497 | D:8      | Lost mutation: Armour fits poorly on your strangely shaped
                  | body. [potion of mutation]
  9497 | D:8      | Gained mutation: You are agile. (Dex +2) [potion of
                  | mutation]
  9722 | D:8      | You fall into a shaft and drop 3 floors!
  9736 | D:10     | Entered Level 10 of the Dungeon
  9748 | D:10     | Found a flagged portal.
  9788 | Bailey   | Entered a bailey
  9954 | Bailey   | Noticed an orc warlord
 10190 | Bailey   | Found a runed translucent gate.
 10191 | Bailey   | Found a runed translucent gate.
 10193 | Bailey   | Found a runed translucent gate.
 10224 | Bailey   | Reached XP level 10. HP: 78/78 MP: 15/22
 10374 | Bailey   | Learned a level 4 spell: Petrify
 10395 | Bailey   | Killed an orc warlord
 10396 | Bailey   | Reached skill level 5 in Stealth
 10431 | Bailey   | Learned a level 4 spell: Flame Wave
 10431 | Bailey   | Acquired the +4 cloak of the Four Tables {rCorr Str+3}
 10721 | D:9      | Found Exicy's Antique Weapon Shoppe.
 10721 | D:9      | Noticed a two-headed ogre
 10732 | D:9      | Killed a two-headed ogre
 10738 | D:9      | Reached skill level 1 in Evocations
 11052 | D:9      | Found Lecakupt's Jewellery Emporium.
 11067 | D:9      | Reached skill level 5 in Dodging
 11428 | D:9      | Found Oliec's Book Shop.
 11476 | D:9      | Found Viocaer's Antique Weapon Shop.
 11481 | D:9      | Identified the +2 robe "Caezyi" {rElec}
 11894 | D:10     | Reached XP level 11. HP: 57/85 MP: 25/25
 11918 | D:10     | Reached skill level 1 in Armour
 12271 | D:10     | Identified the +1 dagger "Rifruxib" {protect, MP+9 Dex-2
                  | SInv}
 12682 | D:11     | Noticed a five-headed hydra
 12690 | D:11     | Killed a five-headed hydra
 12706 | D:11     | Noticed a death yak
 12706 | D:11     | Noticed a death yak
 13107 | D:11     | Noticed a death yak
 13115 | D:11     | Killed a death yak
 13116 | D:11     | Reached skill level 5 in Fighting
 13131 | D:11     | Killed a death yak
 13343 | D:11     | Killed a death yak
 13527 | D:11     | Noticed a centaur warrior
 13535 | D:11     | Killed a centaur warrior
 13603 | D:11     | Found a staircase to the Lair.
 13606 | D:11     | Noticed an eight-headed hydra
 13614 | D:11     | Killed an eight-headed hydra
 13615 | D:11     | Reached skill level 5 in Shields
 13766 | D:11     | Found a staircase to the Orcish Mines.
 14051 | D:11     | Identified the +1 robe of Existentialism {Str+3 Dex+6}
 14064 | Orc:1    | Entered Level 1 of the Orcish Mines
 14064 | Orc:1    | Noticed an orc knight
 14073 | D:11     | Killed an orc knight
 14547 | Orc:2    | Entered Level 2 of the Orcish Mines
 14740 | Orc:2    | Noticed a deep elf pyromancer
 14741 | Orc:2    | Noticed a deep elf zephyrmancer
 14741 | Orc:2    | Noticed a deep elf zephyrmancer
 14965 | Orc:2    | Noticed a deep elf pyromancer
 14969 | Orc:2    | Killed a deep elf zephyrmancer
 15257 | Orc:2    | Killed a deep elf zephyrmancer
 15258 | Orc:2    | Reached XP level 12. HP: 77/94 MP: 17/27
 16287 | Orc:2    | Found a staircase to the Elven Halls.
 16716 | Orc:2    | Noticed Maurice
 16722 | Orc:2    | Killed Maurice
 16723 | Orc:2    | Noticed a centaur warrior
 17149 | Orc:2    | Killed a centaur warrior
 17439 | Orc:2    | Found a runed translucent door.
 17439 | Orc:2    | Noticed mandick's ghost (journeyman DjFE)
 17439 | Orc:2    | Identified the +9 trident of Xaicly Poel {chaos, rPois rC+
                  | Dex+4}
 17679 | Orc:2    | Killed mandick's ghost
 17684 | Orc:2    | Identified the +7 chain mail of Fortitude {rF+}
 17818 | Orc:2    | Found Takliveo's Distillery.
 17818 | Orc:2    | Found Antejaod's Jewellery Boutique.
 17820 | Orc:2    | Found Hioxig's Jewellery Shop.
 17822 | Orc:2    | Found Abih's Jewellery Shoppe.
 18247 | D:12     | Learned a level 2 spell: Passwall
 18258 | D:12     | Found a transporter.
 18258 | D:12     | Found a transporter.
 18258 | D:12     | Noticed a boulder beetle
 18273 | D:12     | Killed a boulder beetle
 18486 | D:12     | Noticed a centaur warrior
 18488 | D:12     | Noticed a four-headed hydra
 18490 | D:12     | Noticed a fire dragon
 18492 | D:12     | Killed a centaur warrior
 18508 | D:12     | Killed a fire dragon
 18645 | D:12     | Killed a four-headed hydra
 18646 | D:12     | Reached XP level 13. HP: 83/102 MP: 15/30
 18718 | D:12     | Identified the +2 glaive of the Genius {antimagic, rElec
                  | Str+2 Stlth+}
 18720 | D:12     | Identified the amulet of Licvanoz {Regen+ Str-3 Dex+3}
 19257 | D:13     | Noticed witty6's ghost (journeyman MiBe)
 19257 | D:13     | Found a runed translucent gate.
 19257 | D:13     | Found a runed translucent gate.
 19257 | D:13     | Found a runed translucent gate.
 20172 | D:13     | Reached skill level 5 in Fire Magic
 20477 | D:13     | Killed witty6's ghost
 20864 | D:14     | Noticed Agnes
 20879 | D:14     | Killed Agnes
 21211 | D:14     | HP: 1/104 [tengu warrior/+0 great sword (10)]
 21213 | D:14     | Mangled by a tengu warrior

Illustrated notes

Levels and vault maps discovered:
D:1:      mushboom_english_gardens, layout_basic,
          ebering_ecumenical_altar_abandoned, minmay_cupped
D:2:      layout_loops_ring, basic_altar, serial_aquarium,
          aquarium_bridge_straight [aquarium_subvault_bridge,
          aquarium_subvault_window, aquarium_subvault_bridge,
          aquarium_subvault_wall], aquarium_bridge_square
          [aquarium_subvault_bridge, aquarium_subvault_bridge,
          aquarium_subvault_bridge, aquarium_subvault_wall], aquarium_window_2,
          aquarium_window_fake, aquarium_view_2f, hangedman_glass_garden,
          minmay_pentomino_z4
D:3:      layout_basic, gammafunk_temple_overflow_claw, serial_shops,
          nicolae_diamond_shop
D:4:      layout_gridville, nicolae_qazlal_scattered_showers, enter_ossuary_5,
          portal_sewer_entry_a, serial_shops, nicolae_shop_behind_doors,
          hangedman_decor_riveting, grunt_ministairs_1, skrybe_limestone_x
D:5:      layout_rooms, minmay_temple_entry_glassed_door, hex_medium,
          chequers_serial_rivers_micro_b, hangedman_abyss_or_decor_stagger,
          minmay_tree_intersection, nicolae_shop_unique_rings
D:6:      layout_layer_cave, minmay_checkerbox, uniq_duvessa,
          uniq_crazy_yiuf_cottage
D:7:      layout_rooms
D:8:      layout_basic, serial_glass, glass_columns_a, glass_columns_b,
          glass_columns_a, glass_columns_a, glass_columns_a, glass_columns_a,
          serial_shops, shop
D:9:      layout_loops_ring, serial_shops, shop_fountains,
          nicolae_shop_overgrown_old_shop, shop, nicolae_lakefront_shop
D:10:     layout_small_grid, xom_butterflies, overflow_temple_1_default,
          enter_bailey_5
D:11:     layout_basic, dpeg_lair_monsters, orc_0_dummy
D:12:     gammafunk_boulding_lane, layout_cave_pools, minmay_radiant
D:13:     layout_roguey, ebering_ghost_rock_garden
D:14:     layout_basic, lightli_vaults_fourway_checkpoint, small_statue_alley_a,
          einodemon_armed_red_devil_minivault, uniq_agnes
Orc:1:    layout_caves
Orc:2:    st_orc_rangers, layout_diamond_mine, ebering_ghost_xom,
          elves_outpost_lemuel, uniq_maurice

Skill      XL: |  1  2  3  4  5  6  7  8  9 10 11 12 13 |
---------------+----------------------------------------+-----
Transmutations | 1 |  1.0
Dodging        | 2 3 4 5 6 7 |  7.3
Spellcasting   | 2 3 4 5 6 7 8 9 |  9.2
Stealth        | 2 3 4 5 6 7 |  7.3
Earth Magic    | 3 4 5 6 7 8 9 |  9.8
Conjurations   | 1 2 3 4 5 6 7 8 9 |  9.5
Fighting       | 1 2 3 4 5 6 |  6.8
Shields        | 1 2 3 4 5 |  5.0
Fire Magic     | 2 3 4 5 |  5.7
Evocations     | 1 3 4 |  4.2
Armour         | 2 4 |  4.0

Action                   |  1- 3 |  4- 6 |  7- 9 | 10-12 | 13-15 || total
-------------------------+-------+-------+-------+-------+-------++-------
Melee: Unarmed           |    32 |       |       |       |       ||    32
       Dagger            |    29 |   124 |    92 |    78 |       ||   323
       Short sword       |       |       |       |   338 |       ||   338
       Trident           |       |       |       |     8 |    55 ||    63
 Cast: Sandblast         |    56 |    53 |    16 |    57 |    25 ||   207
       Stone Arrow       |     1 |     4 |   133 |   276 |    99 ||   513
       Foxfire           |       |     6 |       |       |       ||     6
       Petrify           |       |       |       |     4 |       ||     4
       Flame Wave        |       |       |       |     2 |       ||     2
Evoke: Piece from Xom's  |       |       |       |     1 |       ||     1
  Use: Scroll            |     7 |     2 |     7 |     7 |     8 ||    31
       Potion            |       |     9 |     2 |     4 |     8 ||    23
 Stab: Sleeping          |     7 |     1 |     2 |     2 |       ||    12
       Confused          |       |       |       |       |     1 ||     1
Armor: Robe              |    33 |    24 |    31 |    15 |       ||   103
       Skin              |       |    23 |       |       |       ||    23
       Leather armour    |       |       |       |   151 |       ||   151
       Chain mail        |       |       |       |    24 |   111 ||   135
Dodge: Dodged            |    43 |    52 |    50 |   412 |    58 ||   615
Block: Buckler           |     1 |    32 |    49 |   303 |   110 ||   495

Table legend: (Time is in decaauts)
 A = Elapsed time spent in this place.
 B = Non-inter-level travel time spent in this place.
 C = Inter-level travel time spent in this place.
 D = Time resting spent in this place.
 E = Time spent auto-exploring this place.
 F = Levels seen in this place.
 G = Mean time per level.
                   A        B        C        D        E       F      G
               +--------+--------+--------+--------+--------+-----+--------+
         Total |  21307 |  20860 |    447 |   4788 |  11466 |  18 | 1183.7 |
       Dungeon |  16237 |  15845 |    392 |   2597 |  10243 |  14 | 1159.8 |
  Orcish Mines |   4033 |   3978 |     55 |   1801 |   1172 |   2 | 2016.5 |
       Ossuary |    365 |    365 |      0 |      0 |     51 |   1 |  365.0 |
        Bailey |    670 |    670 |      0 |    390 |      0 |   1 |  670.0 |
               +--------+--------+--------+--------+--------+-----+--------+

Top non-repeatable levels by time:
   Orc:2: 2680 daAuts
     D:6: 2145 daAuts
     D:1: 1662 daAuts
    D:13: 1420 daAuts
    D:11: 1420 daAuts
   Orc:1: 1353 daAuts
    D:10: 1331 daAuts
     D:9: 1287 daAuts
     D:8: 1104 daAuts
     D:7: 979 daAuts
     D:5: 965 daAuts
     D:4: 958 daAuts
     D:2: 928 daAuts
    D:12: 840 daAuts
  Bailey: 670 daAuts
